 Dungeon Crawl Stone Soup version 0.19-a0 (webtiles) character file.

86 Zhenya25pyc the Covered (level 4, -1/29 HPs)
             Began as a Gargoyle Fighter on Apr 27, 2016.
             Slain by Zhenya25pyc's ghost (7 damage)
             ... on level 3 of the Dungeon.
             The game lasted 00:02:13 (1628 turns).

Zhenya25pyc the Covered (Gargoyle Fighter)          Turns: 1628, Time: 00:02:14

Health: -1/29      AC: 10    Str: 21    XL:     4   Next: 50%
Magic:  4/4        EV:  8    Int:  8    God:
Gold:   97         SH:  9    Dex:  9    Spells: 0 memorised, 3 levels left

rFire  . . .     SeeInvis .     a - +0 flail
rCold  . . .     Gourm    .     b - +0 scale mail
rNeg   + . .     Faith    .     c - +0 shield
rPois  ∞         Spirit   .     (no helmet)
rElec  +         Dismiss  .     (no cloak)
rCorr  .         Reflect  .     (no gloves)
SustAt .         Harm     .     (no boots)
MR     .....                    (no amulet)
Stlth  ..........               (no ring)
                                (no ring)

@: not resistant to hostile enchantments, extremely unstealthy
A: negative energy resistance 1, electricity resistance, unbreathing,
petrification resistance, rot immunity, AC +3
a: no special abilities


You were on level 3 of the Dungeon.
You were not hungry.

You visited 1 branch of the dungeon, and saw 3 of its levels.

You collected 97 gold pieces.

Inventory:

Hand Weapons
 a - a +0 flail (weapon)
Armour
 b - a +0 scale mail (worn)
 c - a +0 shield (worn)
Scrolls
 g - 3 scrolls of magic mapping {unknown}
 h - 2 scrolls of enchant weapon {unknown}
 j - a scroll of identify {unknown}
 l - 2 scrolls of remove curse {unknown}
 n - a scroll of random uselessness {unknown}
Potions
 d - 2 potions of might
 e - a potion of brilliance {unknown}
 k - a potion of heal wounds {unknown}
 m - a potion of agility {unknown}
 p - a potion of invisibility {unknown}
Comestibles
 f - 3 bread rations
 i - 6 fruits
 o - a meat ration


   Skills:
 + Level 3.7 Fighting
 + Level 2.2 Maces & Flails
 + Level 4.1 Armour
 + Level 1.4 Dodging
 + Level 3.9 Shields


You had 3 spell levels left.
You didn't know any spells.

Dungeon Overview and Level Annotations

Branches:
Dungeon (3/15)

Altars:
Cheibriados

Annotations:
D:3 Zhenya25pyc's ghost, amateur GrFi


Innate Abilities, Weirdness & Mutations

You are resistant to torment.
Your stone body is resilient (AC +3).
You are immune to poison.
You resist negative energy.
You are resistant to electric shocks.
You can survive without breathing.
You are immune to petrification.
You are immune to rotting.


Message History

You block Zhenya25pyc's ghost's attack.
Your shield and scale mail prevent you from hitting Zhenya25pyc's ghost.
Zhenya25pyc's ghost is moderately damaged.
You block Zhenya25pyc's ghost's attack. Zhenya25pyc's ghost hits you!
You hit Zhenya25pyc's ghost but do no damage.
Zhenya25pyc's ghost is moderately damaged.
Zhenya25pyc's ghost hits you!
* * * LOW HITPOINT WARNING * * *
You are too injured to fight recklessly!
You are too injured to fight recklessly!
You are too injured to fight recklessly!
You are too injured to fight recklessly!
You are too injured to fight recklessly!
You are too injured to fight recklessly!
You are too injured to fight recklessly!
You hit Zhenya25pyc's ghost but do no damage.
Zhenya25pyc's ghost is moderately damaged.
You block Zhenya25pyc's ghost's attack. Zhenya25pyc's ghost hits you!
You die...

# .#####....# .......^..#
#....#.....# ##..##.#....... .
##@W##......... ..
#####.#.##..#......# #.#
#..!##.............##..#
...#.#..##..#.......#
...#.###.###.....###
...#.#.##..##...≈≈≈... ..
...##......#.)..≈≈≈≈≈%# ...
########.....##..#..≈≈.≈≈..
....#...<....(...##.##..≈≈≈≈≈..


You could see Zhenya25pyc's ghost.

Vanquished Creatures
  An adder (D:3)
  A gnoll (D:1)
  An ooze (D:2)
  A worm (D:2)
  2 dart slugs
  2 giant geckos
  A giant cockroach (D:1)
  5 goblins
  5 hobgoblins
  12 jackals (D:1)
  A ball python (D:1)
  7 bats
  5 giant newts
  3 kobolds
  7 rats
54 creatures vanquished.

Notes
Turn   | Place    | Note
--------------------------------------------------------------
     0 | D:1      | Zhenya25pyc the Gargoyle Fighter began the quest for the Orb.
     0 | D:1      | Reached XP level 1. HP: 14/14 MP: 1/1
    16 | D:1      | Reached XP level 2. HP: 9/19 MP: 2/2
   327 | D:1      | Reached XP level 3. HP: 14/23 MP: 3/3
   483 | D:1      | Reached skill level 4 in Armour
   633 | D:1      | Reached skill level 1 in Dodging
   999 | D:2      | Reached XP level 4. HP: 28/28 MP: 4/4
  1006 | D:2      | Found a faded altar to an unknown god.
  1587 | D:3      | Found a snail-covered altar of Cheibriados.
  1621 | D:3      | Noticed Zhenya25pyc's ghost (amateur GrFi)
  1628 | D:3      | Slain by Zhenya25pyc's ghost

Vault maps used:
D:1:      dpeg_arrival_windows_large_door, serial_curves, eino_curves_01,
          eino_curves_02, hangedman_feature_mirror, minmay_misc_feat_square,
          minivault_11
D:2:      ecumenical_altar_2, first_bread
D:3:      marbit_many_paths, kennysheep_slug_shrine

Skill      XL: |  1  2  3 |
---------------+----------+-----
Armour         | 4 |  4.1
Dodging        | 1 |  1.4
Fighting       | |  3.7
Maces & Flails | |  2.2
Shields        | |  3.9

Action                   |  1- 3 |  4- 6 || total
-------------------------+-------+-------++-------
Melee: Flail             |   165 |   110 ||   275
  Eat: Chunk             |     1 |     2 ||     3
Armor: Scale mail        |   103 |    74 ||   177
Dodge: Dodged            |    78 |    33 ||   111
Block: Shield            |   112 |    71 ||   183
